 Dungeon Crawl Stone Soup version 0.31-a0-365-gcf821cafb2 (webtiles) character file.

Game seed: 11008828234626179830

403 Shayle the Ruffian (level 6, -2/47 HPs)
             Began as a Gnoll Shapeshifter on July 27, 2023.
             Was an Initiate of Ashenzari.
             Succumbed to a water moccasin's poison
             ... on level 4 of the Dungeon.
             The game lasted 00:08:06 (3005 turns).

Shayle the Ruffian (Gnoll Shapeshifter)             Turns: 3005, Time: 00:08:07

Health: -2/47      AC:  3    Str: 15      XL:     6   Next: 86%
Magic:  9/9        EV: 10    Int:  8 (9)  God:    Ashenzari [......]
Gold:   156        SH:  4    Dex:  9 (12) Spells: 9/9 levels left

rFire   . . .        i - +1 dagger (venom)
rCold   . . .        (no shield)
rNeg    . . .        f - +0 scale mail
rPois   .            (helmet currently unavailable)
rElec   .            (cloak currently unavailable)
rCorr   .            (gloves currently unavailable)
SInv    .            (boots currently unavailable)
Will    .....        (no amulet) Stlth
                     (no ring)
HPRegen 0.27/turn    (no ring)
MPRegen 0.11/turn

%: no passive effects
@: lethally poisoned (-2 -> -13), beast-form
A: beast (slay +4), fangs 1, strong nose, distributed training, large bone
plates 1, deformed body
a: Begin Untransformation, Renounce Religion


You were on level 4 of the Dungeon.
You worshipped Ashenzari.
Ashenzari was noncommittal.
You were a hulking beast.
You visited 1 branch of the dungeon, and saw 4 of its levels.

You collected 156 gold pieces.

Inventory:

Hand Weapons
 i - a +1 dagger of venom (weapon)
Missiles
 d - 5 javelins (quivered)
Armour
 a - a +0 animal skin
 f - a +0 scale mail (worn)
 k - a +0 pair of gloves
Jewellery
 j - a ring of see invisible
 o - a ring of flight
 q - a +6 ring of strength
 s - an amulet of the acrobat
Talismans
 c - a beast talisman
Wands
 n - a wand of flame (23)
Scrolls
 e - 2 scrolls of butterflies {unknown}
 g - a scroll of teleportation {unknown}
 h - 6 scrolls of identify {unknown}
 l - a scroll of immolation {unknown}
 m - 2 scrolls of enchant armour {unknown}
 r - a scroll of noise {unknown}
 w - a scroll of enchant weapon {unknown}
Potions
 b - a potion of lignification
 u - a potion of attraction {unknown}
 v - a potion of invisibility {unknown}


   Skills:
 + Level 3.4 Fighting
 + Level 2.2 Short Blades
 + Level 2.2 Long Blades
 + Level 2.2 Axes
 + Level 2.2 Maces & Flails
 + Level 2.2 Polearms
 + Level 2.2 Staves
 + Level 2.2 Ranged Weapons
 + Level 2.2 Throwing
 + Level 2.2 Armour
 + Level 5.1 Dodging
 + Level 2.2 Stealth
 + Level 2.2 Shields
 + Level 6.9 Unarmed Combat
 + Level 2.2 Spellcasting
 + Level 1.7 Conjurations
 + Level 1.7 Hexes
 + Level 1.7 Summonings
 + Level 1.7 Necromancy
 + Level 1.7 Translocations
 + Level 1.7 Transmutations
 + Level 1.7 Fire Magic
 + Level 1.7 Ice Magic
 + Level 1.7 Air Magic
 + Level 1.7 Earth Magic
 + Level 1.7 Poison Magic
 + Level 2.4 Invocations
 + Level 2.2 Evocations
 + Level 6.8 Shapeshifting


You had 9 spell levels left.
You didn't know any spells.
Your spell library contained the following spells:

 Spells                   Type           Power      Damage    Failure   Level
 Vhi's Electric Charge    Tloc/Air       6%         N/A       90%         3
 Arcjolt                  Conj/Air       1%         1d11      100%        5
 Simulacrum               Ice/Necr       1%         N/A       100%        6
 Ozocubu's Refrigeration  Ice            1%         4d7       100%        7
 Maxwell's Capacitive Co  Air            1%         ∞         100%        8
 Polar Vortex             Ice            1%         N/A       100%        9


Dungeon Overview and Level Annotations

Branches:
Dungeon (4/15)             Temple (0/1) D:4

Altars:
Ashenzari
Hepliaklqana
The Shining One


Innate Abilities, Weirdness & Mutations

You are a hulking beast.
Your limbs bulge with bestial killing power. (Slay +4)
You have very sharp teeth.
Your uncanny sense of smell can sniff out nearby items.
Your experience applies equally to all skills.
You are partially covered in large bone plates. (SH +4)
Armour fits poorly on your strangely shaped body.


Message History

The water moccasin is lightly wounded.
The water moccasin bites you!
You are poisoned.
The water moccasin poisons you!
You hit the water moccasin.
The water moccasin is moderately wounded.
You feel very sick. The water moccasin misses you.
You barely miss the water moccasin.
The water moccasin is moderately wounded.
You feel very sick.
The ufetubus shouts!
The water moccasin bites you. The water moccasin closely misses you.
You miss the water moccasin.
The water moccasin is moderately wounded.
You feel sick. The water moccasin misses you.
You barely miss the water moccasin.
The water moccasin is moderately wounded.
You feel sick. The water moccasin closely misses you.
You puncture the water moccasin! Your punch misses the water moccasin.
The water moccasin is heavily wounded.
You feel sick.
The water moccasin bites you but does no damage.
You completely miss the water moccasin.
The water moccasin is heavily wounded.
You feel sick. The water moccasin bites you.
* * * LOW HITPOINT WARNING * * *
The water moccasin bites you.
* * * LOW HITPOINT WARNING * * *
You are lethally poisoned!
The water moccasin poisons you!
It was a potion of mutation.
You feel extremely strange.
Large bone plates grow over parts of your arms.
Your body twists and deforms.
* * * LOW HITPOINT WARNING * * *
You feel very sick. The water moccasin bites you.
* * * LOW HITPOINT WARNING * * *
It was a potion of magic.
Magic courses through your body.
You die...

..........#8...
......#.##..#....
#.#......#..#..>. '
#.#.........#.... 5##
#.#......#..#8... ....
#.#......#..###.# .....####
#.#......#..##...
........###.#......#..##.⌠.
#....5gSh.[..........#...
#.....###.....[###..###.#
#...### #...!..###..###.#
#### #................
#...............#
###########...............#
.........##.###..###.......
............###........##.#
########...................


You could see a water moccasin, an ufetubus and a goblin.

Vanquished Creatures
  A water moccasin (D:4)
  A phantom (D:2)
  A jelly (D:4)
  An iguana (D:4)
  An orc wizard (D:4)
  A gnoll (D:1)
  5 adders
  2 worms
  2 dart slugs
  4 orcs (D:4)
  4 ball pythons
  4 bats
  9 endoplasms
  2 giant cockroaches
  7 hobgoblins
  2 jackals (D:1)
  7 kobolds
  4 quokkas
  5 frilled lizards
  8 goblins
  7 rats
78 creatures vanquished.

Notes
Turn   | Place    | Note
-------+----------+-------------------------------------------
     0 | D:1      | Shayle the Gnoll Shapeshifter began the quest for the Orb.
     0 | D:1      | Reached XP level 1. HP: 17/17 MP: 1/1
   114 | D:1      | Reached XP level 2. HP: 23/23 MP: 2/2
   190 | D:1      | Reached XP level 3. HP: 27/28 MP: 3/3
   344 | D:1      | Reached skill level 1 in Invocations
   718 | D:2      | Reached skill level 1 in Short Blades
   718 | D:2      | Reached skill level 1 in Long Blades
   718 | D:2      | Reached skill level 1 in Axes
   718 | D:2      | Reached skill level 1 in Maces & Flails
   718 | D:2      | Reached skill level 1 in Polearms
   718 | D:2      | Reached skill level 1 in Staves
   718 | D:2      | Reached skill level 1 in Ranged Weapons
   718 | D:2      | Reached skill level 1 in Throwing
   718 | D:2      | Reached skill level 1 in Armour
   718 | D:2      | Reached skill level 1 in Stealth
   718 | D:2      | Reached skill level 1 in Shields
   718 | D:2      | Reached skill level 1 in Spellcasting
   718 | D:2      | Reached skill level 1 in Evocations
   760 | D:2      | Reached XP level 4. HP: 34/34 MP: 5/5
   939 | D:2      | Noticed a phantom
   959 | D:2      | Killed a phantom
   960 | D:2      | Reached skill level 1 in Conjurations
   960 | D:2      | Reached skill level 1 in Hexes
   960 | D:2      | Reached skill level 1 in Summonings
   960 | D:2      | Reached skill level 1 in Necromancy
   960 | D:2      | Reached skill level 1 in Translocations
   960 | D:2      | Reached skill level 1 in Transmutations
   960 | D:2      | Reached skill level 1 in Fire Magic
   960 | D:2      | Reached skill level 1 in Ice Magic
   960 | D:2      | Reached skill level 1 in Air Magic
   960 | D:2      | Reached skill level 1 in Earth Magic
   960 | D:2      | Reached skill level 1 in Poison Magic
   960 | D:2      | Reached XP level 5. HP: 41/41 MP: 5/7
   969 | D:2      | Identified the +3 barding of the Gloaming {rF+ rCorr Str+5
                  | Int-2}
  1626 | D:3      | Found a hazy altar of Hepliaklqana.
  1723 | D:3      | Found a glowing golden altar of the Shining One.
  2263 | D:4      | Upgraded the game from 0.31-a0-360-gb3e1d13bf4 to
                  | 0.31-a0-365-gcf821cafb2
  2354 | D:4      | Reached XP level 6. HP: 44/47 MP: 8/8
  2638 | D:4      | Found a broken altar of Ashenzari.
  2655 | D:4      | Became a worshipper of Ashenzari the Shackled
  2689 | D:4      | Reached skill level 5 in Dodging
  2789 | D:4      | Noticed a water moccasin
  2794 | D:4      | Killed a water moccasin
  2905 | D:4      | Found a staircase to the Ecumenical Temple.
  2989 | D:4      | Noticed a water moccasin
  3004 | D:4      | Gained mutation: You are partially covered in large bone
                  | plates. (SH +4) [potion of mutation]
  3004 | D:4      | Gained mutation: Armour fits poorly on your strangely
                  | shaped body. [potion of mutation]
  3004 | D:4      | HP: 1/47 [water moccasin (5)]
  3005 | D:4      | Succumbed to a water moccasin's poison

Illustrated notes

Levels and vault maps discovered:
D:1:      dpeg_arrival_snail, layout_basic
D:2:      layout_basic, serial_bayou, serial_bayou_ford_a, serial_bayou_shore_b,
          serial_bayou_pond_e, serial_bayou_shore_b, serial_bayou_lagoon_a,
          chequers_serial_rivers_room_a
D:3:      layout_loops_corners, mainiacjoe_overflow_paths,
          mainiacjoe_overflow_alcove_2, kennysheep_pointless_box,
          minmay_misc_feat_plants, serial_park_tiny_pond, minmay_misc_feat_chi
D:4:      layout_basic, evilmike_ruin_ashenzari,
          minmay_temple_entry_antechambers

Skill      XL: |  1  2  3  4  5  6 |
---------------+-------------------+-----
Invocations    | 1 2 |  2.4
Short Blades   | 1 2 |  2.2
Long Blades    | 1 2 |  2.2
Axes           | 1 2 |  2.2
Maces & Flails | 1 2 |  2.2
Polearms       | 1 2 |  2.2
Staves         | 1 2 |  2.2
Ranged Weapons | 1 2 |  2.2
Throwing       | 1 2 |  2.2
Armour         | 1 2 |  2.2
Stealth        | 1 2 |  2.2
Shields        | 1 2 |  2.2
Spellcasting   | 1 2 |  2.2
Evocations     | 1 2 |  2.2
Fighting       | 3 |  3.4
Conjurations   | 1 |  1.7
Hexes          | 1 |  1.7
Summonings     | 1 |  1.7
Necromancy     | 1 |  1.7
Translocations | 1 |  1.7
Transmutations | 1 |  1.7
Fire Magic     | 1 |  1.7
Ice Magic      | 1 |  1.7
Air Magic      | 1 |  1.7
Earth Magic    | 1 |  1.7
Poison Magic   | 1 |  1.7
Dodging        | 5 |  5.1
Unarmed Combat | |  6.9
Shapeshifting  | |  6.8

Action                     |  1- 3 |  4- 6 || total
---------------------------+-------+-------++-------
  Melee: Unarmed           |    66 |    82 ||   148
         Punch             |     1 |       ||     1
         Bite              |     4 |    13 ||    17
         Dagger            |       |    36 ||    36
  Throw: Javelin           |     2 |       ||     2
    Use: Potion            |       |     5 ||     5
 Armour: Animal skin       |     2 |       ||     2
         Scale mail        |    12 |    53 ||    65
  Dodge: Dodged            |    17 |    37 ||    54

Table legend: (Time is in decaauts)
 A = Elapsed time spent in this place.
 B = Non-inter-level travel time spent in this place.
 C = Inter-level travel time spent in this place.
 D = Time resting spent in this place.
 E = Time spent auto-exploring this place.
 F = Levels seen in this place.
 G = Mean time per level.
                   A        B        C        D        E       F      G
               +--------+--------+--------+--------+--------+-----+--------+
         Total |   3006 |   2911 |     95 |    239 |   1986 |   4 |  751.5 |
       Dungeon |   3006 |   2911 |     95 |    239 |   1986 |   4 |  751.5 |
               +--------+--------+--------+--------+--------+-----+--------+

Top non-repeatable levels by time:
     D:3: 875 daAuts
     D:2: 848 daAuts
     D:4: 736 daAuts
     D:1: 546 daAuts
